PAAA
THOMASVILLE LOOKOUTS @ TORTOLITA DRUMMERS
09/03/2019
 
TOP OF THE 1ST
Thomasville Lookouts batting - Pitching for Tortolita Drummers : RHP Armando Hernández
Pitching: RHP Armando Hernández
Batting: RHB Jim Unknown 0-0: Ball
1-0: Swinging Strike
1-1: Ball
2-1: Ball
3-1: Base on Balls
Batting: RHB Jim Unknown 0-0: Ball
1-0: Foul Ball, location: 2F
1-1: Foul Ball, location: 2F
1-2: Ball
2-2: Fly out, F2 (Popup, 2RF)
Batting: RHB Keith Best 0-0: Ball
1-0: Ball
2-0: Foul Ball, location: 2F
2-1: Foul Ball, location: 2F
2-2: Ball
3-2: Base on Balls
Jim Unknown to second
Batting: RHB Jim Unknown 0-0: Called Strike
0-1: Ball
1-1: Swinging Strike
1-2: Strikes out swinging
Batting: RHB Jim Unknown 0-0: Ball
1-0: Called Strike
1-1: Foul Ball, location: 2F
1-2: Strikes out looking
Top of the 1st over - 0 run(s), 0 hit(s), 0 error(s), 2 left on base; Thomasville 0 - Tortolita 0
BOTTOM OF THE 1ST
Tortolita Drummers batting - Pitching for Thomasville Lookouts : LHP Jim Unknown
Pitching: LHP Jim Unknown
Batting: RHB Hunter Curtis 0-0: Called Strike
0-1: Foul Ball, location: 2F
0-2: Ball
1-2: Fly out, F9 (Flyball, 89S)
Batting: SHB Dan Godwin 0-0: Ball
1-0: Foul Ball, location: 2F
1-1: Foul Ball, location: 2F
1-2: Ball
2-2: Ball
3-2: Fly out, F8 (Flyball, 8LM)
Batting: LHB Orlando Trevino 0-0: Called Strike
0-1: Ball
1-1: Called Strike
1-2: Strikes out looking
Bottom of the 1st over - 0 run(s), 0 hit(s), 0 error(s), 0 left on base; Thomasville 0 - Tortolita 0
TOP OF THE 2ND
Thomasville Lookouts batting - Pitching for Tortolita Drummers : RHP Armando Hernández
Batting: RHB Jim Unknown 0-0: Called Strike
0-1: Ball
1-1: Ball
2-1: Ball
3-1: Base on Balls
Batting: LHB Jim Unknown 0-0: Ball
1-0: Swinging Strike
1-1: Foul Ball, location: 2F
1-2: Fly out, F4 (Popup, 34D)
Batting: RHB Jim Unknown 0-0: Called Strike
0-1: Swinging Strike
0-2: Strikes out swinging
Batting: RHB Jim Unknown 0-0: Called Strike
0-1: Foul Ball, location: 2F
0-2: Foul Ball, location: 2F
0-2: Ball
1-2: Foul Ball, location: 2F
1-2: Strikes out swinging
Top of the 2nd over - 0 run(s), 0 hit(s), 0 error(s), 1 left on base; Thomasville 0 - Tortolita 0
BOTTOM OF THE 2ND
Tortolita Drummers batting - Pitching for Thomasville Lookouts : LHP Jim Unknown
Batting: RHB Joey Morgan 0-0: Swinging Strike
0-1: Swinging Strike
0-2: Ball
1-2: Foul Ball, location: 2F
1-2: Ball
2-2: Foul Ball, location: 2F
2-2: Foul Ball, location: 2F
2-2: SINGLE (Line Drive, 89S)
Batting: RHB Lonnie Conrad 0-0: Ball
1-0: Fly out, F3 (Popup, 23)
Batting: RHB Richard Ollivier 0-0: Swinging Strike
0-1: Ball
1-1: Called Strike
1-2: Strikes out swinging
Batting: LHB Jesse Taylor 0-0: Called Strike
0-1: Swinging Strike
0-2: Reached on error, E1 (Groundball, 13S)
Joey Morgan to second
Batting: RHB Jim Harris 0-0: DOUBLE (Groundball, 5L)
Joey Morgan scores
Jesse Taylor to third
Runner from 3rd tries for Home, SAFE, no throw or cutoff
Batting: RHB Ray Whittier 0-0: Swinging Strike
0-1: Foul Ball, location: 2F
0-2: 2-RUN HOME RUN (Flyball, 7D), Distance : 360 ft
Batting: RHB Hunter Curtis 0-0: Ball
1-0: Ball
2-0: Ball
3-0: Called Strike
3-1: SINGLE (Groundball, 56D)
Batting: SHB Dan Godwin 0-0: Called Strike
0-1: Foul Ball, location: 2F
0-2: Ball
1-2: Fly out, F7 (Line Drive, 78M)
Bottom of the 2nd over - 4 run(s), 4 hit(s), 1 error(s), 1 left on base; Thomasville 0 - Tortolita 4
TOP OF THE 3RD
Thomasville Lookouts batting - Pitching for Tortolita Drummers : RHP Armando Hernández
Batting: RHB Jim Unknown 0-0: Fly out, F4 (Popup, 34D)
Batting: RHB Jim Unknown 0-0: Ball
1-0: Ball
2-0: Ball
3-0: Base on Balls
Batting: RHB Keith Best 0-0: Ball
1-0: SINGLE (Line Drive, 6MD)
Jim Unknown to second
Batting: RHB Jim Unknown 0-0: Ball
1-0: Ball
2-0: Called Strike
2-1: Foul Ball, location: 2F
2-2: Foul Ball, location: 2F
2-2: Fly out, F9 (Flyball, 9LD)
Runner from 2nd tags up, SAFE at 3rd, no throw
Batting: RHB Jim Unknown 0-0: Ball
1-0: Fly out, F3 (Popup, 34S)
Top of the 3rd over - 0 run(s), 1 hit(s), 0 error(s), 2 left on base; Thomasville 0 - Tortolita 4
BOTTOM OF THE 3RD
Tortolita Drummers batting - Pitching for Thomasville Lookouts : LHP Jim Unknown
Batting: LHB Orlando Trevino 0-0: Fly out, F8 (Flyball, 8RM)
Batting: RHB Joey Morgan 0-0: Ball
1-0: Swinging Strike
1-1: Foul Ball, location: 2F
1-2: Foul Ball, location: 2F
1-2: Ball
2-2: Foul Ball, location: 2F
2-2: Foul Ball, location: 2F
2-2: Ground out 4-3 (Groundball, 4M)
Batting: RHB Lonnie Conrad 0-0: Called Strike
0-1: Ball
1-1: Ground out 4-3 (Groundball, 4)
Bottom of the 3rd over - 0 run(s), 0 hit(s), 0 error(s), 0 left on base; Thomasville 0 - Tortolita 4
TOP OF THE 4TH
Thomasville Lookouts batting - Pitching for Tortolita Drummers : RHP Armando Hernández
Batting: RHB Jim Unknown 0-0: Called Strike
0-1: Swinging Strike
0-2: Strikes out swinging
Batting: LHB Jim Unknown 0-0: Called Strike
0-1: Fly out, F7 (Flyball, 7M)
Batting: RHB Jim Unknown 0-0: Foul Ball, location: 2F
0-1: Ground out 5-3 (Groundball, 5S)
Top of the 4th over - 0 run(s), 0 hit(s), 0 error(s), 0 left on base; Thomasville 0 - Tortolita 4
BOTTOM OF THE 4TH
Tortolita Drummers batting - Pitching for Thomasville Lookouts : LHP Jim Unknown
Batting: RHB Richard Ollivier 0-0: Ball
1-0: Foul Ball, location: 2F
1-1: Ball
2-1: Ball
3-1: Ground out 4-3 (Groundball, 4)
Batting: LHB Jesse Taylor 0-0: Ball
1-0: Swinging Strike
1-1: Foul Ball, location: 2F
1-2: Ball
2-2: Ground out 4-3 (Groundball, 13)
Batting: RHB Jim Harris 0-0: Ball
1-0: Called Strike
1-1: Ball
2-1: Called Strike
2-2: Ground out 4-3 (Groundball, 4)
Bottom of the 4th over - 0 run(s), 0 hit(s), 0 error(s), 0 left on base; Thomasville 0 - Tortolita 4
TOP OF THE 5TH
Thomasville Lookouts batting - Pitching for Tortolita Drummers : RHP Armando Hernández
Batting: RHB Jim Unknown 0-0: Called Strike
0-1: Called Strike
0-2: Ball
1-2: SINGLE (Line Drive, 56)
Batting: RHB Jim Unknown 0-0: Ball
1-0: Ball
2-0: Swinging Strike
2-1: Called Strike
2-2: Ball
3-2: Strikes out looking
Batting: RHB Jim Unknown 0-0: 2-RUN HOME RUN (Flyball, 7D), Distance : 369 ft
Batting: RHB Keith Best 0-0: Ball
1-0: Swinging Strike
1-1: Foul Ball, location: 2F
1-2: Ball
2-2: SINGLE (Flyball, 8RS)
Batting: RHB Jim Unknown Pickoff Throw to First - Out!
0-0: DOUBLE (Line Drive, 89D)
Batting: RHB Jim Unknown 0-0: Ball
1-0: SINGLE (Line Drive, 4MD)
Jim Unknown to third
Batting: RHB Jim Unknown 0-0: Ball
1-0: SINGLE (Groundball, 56D)
Jim Unknown scores
Jim Unknown to second
Batting: LHB Jim Unknown 0-0: Ball
1-0: Foul Ball, location: 2F
1-1: Foul Ball, location: 2F
1-2: SINGLE (Line Drive, 7LM)
Jim Unknown to third
Jim Unknown to second
Batting: RHB Jim Unknown 0-0: Called Strike
0-1: Fly out, F7 (Flyball, 78XD)
Top of the 5th over - 3 run(s), 7 hit(s), 0 error(s), 3 left on base; Thomasville 3 - Tortolita 4
BOTTOM OF THE 5TH
Tortolita Drummers batting - Pitching for Thomasville Lookouts : LHP Jim Unknown
Batting: RHB Ray Whittier 0-0: Called Strike
0-1: Called Strike
0-2: Foul Ball, location: 2F
0-2: Ball
1-2: Strikes out looking
Batting: RHB Hunter Curtis 0-0: Ball
1-0: Ball
2-0: Ball
3-0: Called Strike
3-1: Ground out 1-3 (Groundball, 34S)
Batting: SHB Dan Godwin 0-0: Called Strike
0-1: Foul Ball, location: 2F
0-2: Strikes out swinging
Bottom of the 5th over - 0 run(s), 0 hit(s), 0 error(s), 0 left on base; Thomasville 3 - Tortolita 4
TOP OF THE 6TH
Thomasville Lookouts batting - Pitching for Tortolita Drummers : RHP Armando Hernández
Batting: RHB Jim Unknown 0-0: Foul Ball, location: 2F
0-1: Ball
1-1: Ball
2-1: Foul Ball, location: 2F
2-2: Strikes out swinging
Batting: RHB Jim Unknown 0-0: Swinging Strike
0-1: Ball
1-1: Ball
2-1: Called Strike
2-2: Ball
3-2: Strikes out swinging
Batting: RHB Jim Unknown 0-0: Swinging Strike
0-1: Called Strike
0-2: Foul Ball, location: 2F
0-2: Ball
1-2: Ball
2-2: Strikes out looking
Top of the 6th over - 0 run(s), 0 hit(s), 0 error(s), 0 left on base; Thomasville 3 - Tortolita 4
BOTTOM OF THE 6TH
Tortolita Drummers batting - Pitching for Thomasville Lookouts : LHP Jim Unknown
Batting: LHB Orlando Trevino 0-0: Ball
1-0: Fly out, F2 (Popup, 2LF)
Batting: RHB Joey Morgan 0-0: SINGLE (Line Drive, 8RS)
Batting: RHB Lonnie Conrad 0-0: Called Strike
Joey Morgan is caught stealing 2nd base
0-1: Fly out, F8 (Flyball, 8RXD)
Bottom of the 6th over - 0 run(s), 1 hit(s), 0 error(s), 0 left on base; Thomasville 3 - Tortolita 4
TOP OF THE 7TH
Thomasville Lookouts batting - Pitching for Tortolita Drummers : RHP Armando Hernández
Batting: RHB Keith Best 0-0: Ball
1-0: Swinging Strike
1-1: Called Strike
1-2: Ball
2-2: SINGLE (Line Drive, 89S)
Pinch Hitting: LHB Jim Unknown 0-0: Ball
1-0: Fly out, F6 (Popup, 6MD)
Pitching: LHP Jud Riggs
Batting: RHB Jim Unknown 0-0: Called Strike
0-1: Ball
1-1: Ball
2-1: Swinging Strike
2-2: Strikes out looking
Batting: RHB Jim Unknown 0-0: Called Strike
0-1: Ball
1-1: Fly out, F4 (Popup, 4D)
Top of the 7th over - 0 run(s), 1 hit(s), 0 error(s), 1 left on base; Thomasville 3 - Tortolita 4
BOTTOM OF THE 7TH
Tortolita Drummers batting - Pitching for Thomasville Lookouts : LHP Jim Unknown
Now at SS: Jim Unknown
Batting: RHB Richard Ollivier 0-0: SINGLE (Groundball, 3D)
Pinch Hitting: RHB Robert Bailey 0-0: Ball
1-0: Reached on error, E5 (Groundball, 56S)
Richard Ollivier to third
Batting: RHB Jim Harris 0-0: Foul Ball, location: 2F
0-1: Called Strike
0-2: Strikes out looking
Batting: RHB Ray Whittier 0-0: Foul Ball, location: 2F
0-1: Ball
1-1: Swinging Strike
1-2: Strikes out looking
Batting: RHB Hunter Curtis 0-0: Foul Ball, location: 2F
0-1: Swinging Strike
0-2: Fly out, F3 (Popup, 3SF)
Bottom of the 7th over - 0 run(s), 1 hit(s), 1 error(s), 2 left on base; Thomasville 3 - Tortolita 4
TOP OF THE 8TH
Thomasville Lookouts batting - Pitching for Tortolita Drummers : LHP Jud Riggs
Pitching: LHP Parker Cooke
Now in LF: Robert Bailey
Batting: LHB Jim Unknown 0-0: Foul Ball, location: 2F
0-1: Foul Ball, location: 2F
0-2: Foul Ball, location: 2F
0-2: Ball
1-2: Ground out 4-3 (Groundball, 4)
Pitching: RHP Theodore Schmidt
Batting: RHB Jim Unknown 0-0: Called Strike
0-1: Ball
1-1: Foul Ball, location: 2F
1-2: Foul Ball, location: 2F
1-2: SINGLE (Line Drive, 6MD)
Batting: RHB Jim Unknown 0-0: Called Strike
0-1: Called Strike
0-2: Ball
1-2: Fly out, F5 (Popup, 25F)
Batting: RHB Jim Unknown 0-0: Called Strike
0-1: Ball
1-1: DOUBLE (Line Drive, 5D)
Jim Unknown to third
Runner from 3rd tries for Home, SAFE, no throw or cutoff
Batting: RHB Jim Unknown 0-0: Ball
1-0: Fly out, F8 (Flyball, 8LM)
Top of the 8th over - 1 run(s), 2 hit(s), 0 error(s), 1 left on base; Thomasville 4 - Tortolita 4
BOTTOM OF THE 8TH
Tortolita Drummers batting - Pitching for Thomasville Lookouts : LHP Jim Unknown
Batting: SHB Dan Godwin 0-0: DOUBLE (Groundball, 3D)
Batting: LHB Orlando Trevino 0-0: Fly out, F8 (Line Drive, 8LM)
Batting: RHB Joey Morgan 0-0: Called Strike
0-1: SINGLE (Line Drive, 8RS)
Dan Godwin to third
Batting: RHB Lonnie Conrad 0-0: Foul Ball, location: 2F
0-1: Ball
1-1: Ball
2-1: Ball
3-1: Fly out, F7 (Flyball, 7M)
Runner from 3rd tags up, SCORES, no throw
Batting: RHB Richard Ollivier 0-0: Foul Ball, location: 2F
0-1: Ball
1-1: Swinging Strike
1-2: Ball
2-2: Ball
3-2: Strikes out looking
Bottom of the 8th over - 1 run(s), 2 hit(s), 0 error(s), 1 left on base; Thomasville 4 - Tortolita 5
TOP OF THE 9TH
Thomasville Lookouts batting - Pitching for Tortolita Drummers : RHP Theodore Schmidt
Pitching: LHP Ron Anderson
Batting: RHB Keith Best 0-0: Called Strike
0-1: Ball
1-1: Called Strike
1-2: Strikes out swinging
Pinch Hitting: RHB Jim Unknown 0-0: Foul Ball, location: 2F
0-1: Foul Ball, location: 2F
0-2: Fly out, F8 (Line Drive, 8LD)
Batting: RHB Jim Unknown 0-0: Called Strike
0-1: Swinging Strike
0-2: Ball
1-2: SINGLE (Line Drive, 9LS)
Batting: RHB Jim Unknown 0-0: Ball
1-0: Called Strike
1-1: Swinging Strike
1-2: SINGLE (Groundball, 4M)
Jim Unknown to second
Runner from 2nd tries for 3rd, OUT!
Top of the 9th over - 0 run(s), 2 hit(s), 0 error(s), 1 left on base; Thomasville 4 - Tortolita 5
This league is powered by Out of the Park Baseball, the baseball management simulation game for PC, Mac and Linux
Saturday, July 25th, 2015 - OOTP Baseball 15.6 Build 34